 Seeded DCSS version 0.30.1-9-gdf580d7c3d (webtiles) character file.

Game seed: 9106806156630997546 (custom seed)

4367 Psyclone the Thaumaturge (level 10, 65/65 HPs)
             Began as a Deep Elf Conjurer on Oct 9, 2023.
             Was an Initiate of Gozag.
             Quit the game on level 7 of the Dungeon.
             The game lasted 00:14:46 (6962 turns).

Psyclone the Thaumaturge (Deep Elf Conjurer)        Turns: 6962, Time: 00:14:47

Health: 65/65      AC:  8    Str:  4    XL:     10   Next: 13%
Magic:  26/26      EV: 18    Int: 28    God:    Gozag
Gold:   1023       SH:  0    Dex: 13    Spells: 19/30 levels left

rFire   . . .        a - +9 mace of World Downfall {flame, Will+ SInv}
rCold   . . .        (no shield)
rNeg    . . .        D - +0 robe
rPois   +            x - +0 helmet
rElec   .            w - +0 cloak
rCorr   .            u - +0 pair of gloves
SInv    +            F - +2 pair of boots
Will    ++...        (no amulet)
Stlth   ++           t - +5 ring of evasion
HPRegen 0.30/turn    n - ring of poison resistance
MPRegen 0.20/turn

%: no passive effects
@: studying Throwing
A: no striking features
a: Renounce Religion, Potion Petition, Call Merchant, Bribe Branch


You were on level 7 of the Dungeon.
You worshipped Gozag.
Gozag was most pleased with you.
You visited 2 branches of the dungeon, and saw 8 of its levels.
You also visited: Sewer.

You collected 2394 gold pieces.
You paid 1371 gold pieces to Gozag.

Inventory:

Hand Weapons
 a - the +9 mace of World Downfall (weapon) {flame, Will+ SInv}
   (You took it off a goblin on level 4 of the Dungeon)

   SInv:      It lets you see invisible.
   Will:      It increases your willpower.
Armour
 u - a +0 pair of gloves (worn)
 w - a +0 cloak (worn)
 x - a +0 helmet (worn)
 D - a +0 robe (worn)
 F - a +2 pair of boots (worn)
Jewellery
 n - a ring of poison resistance (right hand)
 s - a ring of flight
 t - a +5 ring of evasion (left hand)
Scrolls
 d - a scroll of fear {unknown}
 h - a scroll of enchant weapon {unknown}
 i - 3 scrolls of teleportation {unknown}
 j - 2 scrolls of blinking {unknown}
 o - 2 scrolls of enchant armour {unknown}
 p - 3 scrolls of poison {unknown}
 v - a scroll of noise {unknown}
 y - a scroll of vulnerability {unknown}
 z - a scroll of fog {unknown}
 A - a scroll of brand weapon {unknown}
 B - 5 scrolls of identify {unknown}
 E - a scroll of immolation {unknown}
Potions
 b - 3 potions of magic
 c - a potion of haste {unknown}
 e - a potion of degeneration {unknown}
 f - a potion of invisibility {unknown}
 g - 5 potions of brilliance {unknown}
 k - 5 potions of curing {unknown}
 l - a potion of berserk rage {unknown}
 m - a potion of lignification {unknown}
 q - 2 potions of attraction {unknown}
 r - 2 potions of might {unknown}
 C - 2 potions of flight {unknown}


   Skills:
 + Level 8.9 Fighting
 + Level 4.9 Dodging
 - Level 2.4 Stealth
 + Level 10.8 Spellcasting
 + Level 9.8 Conjurations
 * Level 4.6 Hexes
 * Level 3.8 Translocations


You had 19 spell levels left.
You knew the following spells:

 Your Spells              Type           Power      Damage    Failure   Level
a - Magic Dart            Conj           100%       1d8       1%          1
b - Searing Ray           Conj           100%       2d8       1%          2
d - Fulminant Prism       Conj/Hex       27%        3d13      1%          4
e - Iskenderun's Mystic   Conj/Tloc      52%        2d11      2%          4

Your spell library contained the following spells:

 Spells                   Type           Power      Damage    Failure   Level
 Dazzling Flash           Conj/Hex       100%       N/A       1%          3
 Flame Wave               Conj/Fire      42%        2d11      4%          4
 Scorch                   Fire           30%        2d6       5%          2
 Summon Cactus Giant      Summ           7%         N/A       99%         6


Dungeon Overview and Level Annotations

Branches:
Dungeon (7/15) Zot: 26988  Temple (1/1) D:5 Zot: 5978   Sewer (visited)

Altars:
Cheibriados
Dithmenos
Gozag
Hepliaklqana
Okawaru
Qazlal
Ru
Sif Muna
Trog
Uskayaw
Xom
Yredelemnul

Shops:
D:1 =   D:4 [   D:7 ?=


Message History

Key pressed, stopping explore.
Key pressed, stopping explore.
Key pressed, stopping explore.
Key pressed, stopping explore.
Key pressed, stopping explore.
Key pressed, stopping explore.
Done exploring.
Done exploring.
Done exploring.
Done exploring.
(D) Dungeon (T) Temple
Where to? (Enter - D:6, ? - help)
There is a stone staircase leading up here.
You climb upwards.
There is a stone staircase leading down here.
(D) Dungeon (T) Temple
Where to? (Enter - D:5, ? - help)
You climb downwards.
There is a stone staircase leading up here.
(D) Dungeon (T) Temple
Where to? (Enter - D:6, ? - help)
There is a stone staircase leading down here.
You climb downwards.
There is a stone staircase leading up here.
Assign waypoint to what number? (0-9) Waypoint 0 assigned to D:7. [a] 768 gold - Ven Hygg's Weapon Boutique [b] 690 gold - Wetet's Antique Weapon Shoppe [c] 456 gold - Ylaeb's Magic Scroll Shop Fund which merchant?
Ylaeb invites you to visit their Magic Scroll Shop.
There is an entrance to Ylaeb's Magic Scroll Shop here. [a] 828 gold - Vyfiynt's Jewellery Boutique [b] 762 gold - Pimnus's Magic Scroll Emporium [c] 500 gold - Laejinoi's Antique Weapon Shoppe Fund which merchant?
Vyfiynt invites you to visit their Jewellery Boutique.
Okay, then.
Unknown command.
Are you sure you want to abandon this character and quit the game? (Confirm with "yes".)

.# ##### .#
...##.#####
#.........
#∩∩#.#
#@.#.######
#..#.......
#..<# ##.##
...# #####


There were no monsters in sight!

Vanquished Creatures
  The ghost of Hapnad the Caller, a novice MfSu (D:4)
  Sigmund (D:3)
  12 yaks
  An orc warrior (D:6)
  An ogre (D:4)
  A phantom (D:5)
  4 kobold brigands (Sewer)
  2 bullfrogs
  A gnoll sergeant (D:5)
  4 scorpions
  A howler monkey (D:4)
  A jelly (D:5)
  An orc priest (D:6)
  A gnoll bouda (D:5)
  Crazy Yiuf (D:2)
  A sleepcap (D:6)
  Jessica (D:2)
  Natasha (thrice) (D:3)
  An iguana (D:6)
  5 orc wizards (D:5)
  A mummy (D:5)
  Robin (D:2)
  12 gnolls
  9 adders
  5 river rats
  A white imp (D:5)
  A worm (D:2)
  2 dart slugs
  15 orcs
  10 ball pythons
  5 bats
  5 endoplasms
  4 giant cockroaches
  22 goblins
  2 hobgoblins
  5 jackals
  10 kobolds
  A quokka (D:4)
  5 frilled lizards
  7 rats
167 creatures vanquished.

Vanquished Creatures (others)
  18 fulminant prisms
18 creatures vanquished.

Grand Total: 185 creatures vanquished

Notes
Turn   | Place    | Note
-------+----------+-------------------------------------------
     0 | D:1      | Psyclone the Deep Elf Conjurer began the quest for the Orb.
     0 | D:1      | Reached XP level 1. HP: 10/10 MP: 6/6
    28 | D:2      | Found a stormy altar of Qazlal.
   142 | D:2      | Reached XP level 2. HP: 15/15 MP: 5/8
   205 | D:2      | Learned a level 2 spell: Searing Ray
   206 | D:3      | Noticed Natasha
   229 | D:4      | Reached skill level 5 in Conjurations
   311 | D:5      | Entered Level 5 of the Dungeon
   336 | D:5      | Noticed a scorpion
   347 | D:5      | Killed a scorpion
   348 | D:5      | Reached XP level 3. HP: 17/19 MP: 2/9
   348 | D:5      | Reached XP level 4. HP: 21/24 MP: 2/10
   459 | D:5      | Found a staircase to the Ecumenical Temple.
   472 | D:5      | Noticed a yak
   474 | Temple   | Entered the Ecumenical Temple
   484 | Temple   | Became a worshipper of Gozag Ym Sagoz the Greedy
   495 | D:5      | Noticed a yak
   495 | D:5      | Noticed a yak
   567 | D:5      | Killed a yak
   568 | D:5      | Reached XP level 5. HP: 17/28 MP: 2/11
   638 | D:5      | Found a glowing drain.
   645 | D:5      | Reached XP level 6. HP: 32/32 MP: 3/12
   658 | Sewer    | Entered a sewer
   968 | Sewer    | Reached skill level 9 in Spellcasting
   968 | Sewer    | Reached XP level 7. HP: 43/49 MP: 1/22
  1440 | Sewer    | Reached XP level 8. HP: 32/55 MP: 15/23
  1692 | D:3      | Killed Natasha
  2009 | D:1      | Found Cetaas's Jewellery Emporium.
  2353 | D:2      | Noticed Jessica
  2355 | D:2      | Killed Jessica
  2550 | D:2      | You fall into a shaft and drop 2 floors!
  2553 | D:4      | Found a runed translucent door.
  2570 | D:4      | Learned a level 4 spell: Fulminant Prism
  2575 | D:4      | Learned a level 4 spell: Iskenderun's Mystic Blast
  2718 | D:3      | Noticed Sigmund
  2726 | D:3      | Killed Sigmund
  2727 | D:3      | Reached skill level 10 in Spellcasting
  3081 | D:2      | Noticed Robin
  3086 | D:2      | Killed Robin
  3376 | D:2      | Found a runed translucent door.
  3377 | D:2      | Noticed Crazy Yiuf
  3383 | D:2      | Killed Crazy Yiuf
  3866 | D:3      | Noticed Natasha
  3871 | D:3      | Killed Natasha
  4018 | D:3      | Noticed Natasha
  4021 | D:3      | Killed Natasha
  4252 | D:4      | Found Haiphupu's Antique Armour Emporium.
  4558 | D:4      | Identified the +9 mace of World Downfall {flame, Will+
                  | SInv}
  4677 | D:4      | Noticed Hapnad's ghost (novice MfSu)
  4700 | D:4      | Killed Hapnad's ghost
  4891 | D:5      | Reached XP level 9. HP: 60/60 MP: 15/25
  5182 | D:5      | Reached skill level 1 in Hexes
  5186 | D:5      | Reached skill level 1 in Translocations
  5319 | D:5      | Found a snail-covered altar of Cheibriados.
  6085 | D:6      | Reached XP level 10. HP: 55/65 MP: 3/26
  6510 | D:6      | Identified a scroll of acquirement
  6510 | D:6      | Acquired 933 gold pieces
  6962 | D:7      | Quit the game

Illustrated notes

Levels and vault maps discovered:
D:1:      onia_arrival_mini_spirals, layout_loops_ring, serial_shops, shop
D:2:      layout_rooms, basic_altar, reono_crystal_passage, minmay_tetromino_l2,
          uniq_robin, uniq_jessica, uniq_crazy_yiuf_cottage
D:3:      layout_loops_ring, uniq_sigmund, uniq_natasha
D:4:      layout_rooms, ebering_ghost_sewer_d, nicolae_take_the_stairs,
          grunt_ministairs_6, ebering_dispersal_statue_hall,
          minmay_ogre_servants
D:5:      nicolae_cairo_tiling_large, layout_basic, slow_altar_2,
          minmay_temple_entry_junction_2, portal_sewer_entry_b
D:6:      layout_cave_pools
D:7:      layout_basic, elyvilon_altar_3
Temple:   nicolae_temple_bog_church

Skill      XL: |  1  2  3  4  5  6  7  8  9 |
---------------+----------------------------+-----
Conjurations   | 6 7 8 9 |  9.8
Fighting       | 8 |  8.9
Spellcasting   | 9 10 | 10.8
Dodging        | 3 4 |  4.9
Hexes          | 4 |  4.6
Translocations | 3 |  3.8
Stealth        | |  2.4

Action                     |  1- 3 |  4- 6 |  7- 9 | 10-12 || total
---------------------------+-------+-------+-------+-------++-------
  Melee: Unarmed           |       |     8 |     2 |       ||    10
         Dagger            |       |       |    43 |       ||    43
         Punch             |       |       |     2 |       ||     2
         Mace              |       |       |       |     2 ||     2
   Cast: Magic Dart        |    13 |    19 |   173 |    49 ||   254
         Searing Ray       |     3 |    13 |    18 |     2 ||    36
         Fulminant Prism   |       |       |    16 |     2 ||    18
         Iskenderun's Myst |       |       |     5 |     2 ||     7
 Invoke: Call Merchant     |       |       |       |     2 ||     2
    Use: Potion            |       |     1 |       |       ||     1
         Scroll            |       |       |       |     1 ||     1
 Armour: Robe              |       |     2 |    16 |     4 ||    22
  Dodge: Dodged            |    13 |    10 |    63 |    19 ||   105
